AoeStats
← 初秋日未眠

Arabian Desert

509601235Analyzed
1v1 RM · 6d ago on Sep 27, 2026· 36m 40s· 2 players
Game mode
Random Map
Map size
Tiny (2 player)
Population
200
Speed
Normal
Resources
Standard
Victory
Conquest
Starting age
Dark Age
Ending age
Imperial Age
RankedLock teamsTeams togetherTeam positionsShared explorationLock speedFull tech treeHidden civsTurbo modeCheats
Victory
Defeat
🇩🇪 Celts · Germany
1115
+16
🇨🇳 Vietnamese · China
1110
-16
初秋日未眠
10:23 Feudal Age
11:53 Double-Bit Axe
12:55 Loom
13:45 Bloodlines
18:29 Loom
20:05 Wheelbarrow
24:10 Castle Age
22:27 Gold Mining
23:07 Fletching
24:27 Crossbowman
25:13 Thumb Ring
26:11 Bodkin Arrow
27:14 Light Cavalry
33:05 Bow Saw
florianstallner
6:27 Loom
9:40 Feudal Age
9:54 Man-at-Arms
10:35 Double-Bit Axe
11:19 Horse Collar
24:44 Castle Age
23:43 Forging
23:33 Scale Mail Armor
25:05 Pikeman
26:34 Iron Casting
26:14 Chain Mail Armor
27:00 Bow Saw
28:39 Heavy Plow
Connection lost

Rejoining the realm…

Still unreachable

The connection could not be restored.

Session expired

The server has moved on; the page needs a fresh start.